 Dungeon Crawl Stone Soup version 0.28-a0-863-g8cecda6153 (webtiles) character file.

Game seed: 8175803856234509424

354255 jasper the Hoplite (level 23, -9/166 HPs)
             Began as a Djinni Berserker on Nov 18, 2021.
             Was the Champion of Trog.
             Killed from afar by an ancient lich (43 damage)
             ... with a bolt of acid
             ... on level 4 of the Vaults on Nov 20, 2021.
             The game lasted 01:53:24 (57265 turns).

jasper the Hoplite (Djinni Berserker)              Turns: 57265, Time: 01:53:25

Health: -9/166     AC: 33    Str: 16    XL:     23   Next: 32%
Gold:   285        EV: 20    Int: 13    God:    Trog [******] SH: 36 Dex: 24

rFire   + + +      SeeInvis .   V - +9 demon blade (flame)
rCold   + + .      Faith    .   I - +4 tower shield {AC+3}
rNeg    + + .      Spirit   .   X - +9 ice dragon scales
rPois   ∞          Reflect  +   E - +0 helmet of Qarhalo {rC+ Int+3}
rElec   +          Harm     .   B - +2 cloak "Lonain" {rElec rF+ Dex+2}
rCorr   .          Rampage  .   y - +3 pair of gauntlets of War {Slay+5}
Will    +++..                   (boots unavailable)
Stlth   +.........              L - amulet of Jeqisis {Reflect rF++ rC- rN+ SH+5 Stlth+}
HPRegen 0.37/turn               Y - ring "Loulerad" {rN+ Will+}
MPRegen 0.00/turn               f - ring of protection from cold

@: corroded, flying, studying Evocations
A: sickness immunity, fire resistance 2, cold vulnerability 1, float, innate
caster, hp casting, extra vitality 1
}: 2/15 runes: decaying, gossamer
a: Renounce Religion, Berserk, Trog's Hand, Brothers in Arms


You were on level 4 of the Vaults.
You worshipped Trog.
Trog was exalted by your worship.
You visited 7 branches of the dungeon, and saw 38 of its levels.
You also visited: Ice Cave.

You collected 4804 gold pieces.
You spent 4519 gold pieces at shops.

Inventory:

Hand Weapons
 x - a +9 spectral double sword
 H - a +3 antimagic scimitar
 V - a +9 demon blade of flaming (weapon)
Missiles
 k - 24 boomerangs (quivered)
 l - 5 datura-tipped darts
 v - 8 silver boomerangs
 F - 5 atropa-tipped darts
 M - 5 throwing nets
 S - 6 javelins
Armour
 y - the +3 pair of gauntlets of War (worn) {Slay+5}
   (You found it on level 5 of the Dungeon)

   Slay:      It affects your accuracy & damage with ranged weapons and melee
   (+5).
 B - the +2 cloak "Lonain" (worn) {rElec rF+ Dex+2}
   (You bought it in a shop on level 2 of the Orcish Mines)

   Dex:       It affects your dexterity (+2).
   rF:        It protects you from fire.
   rElec:     It insulates you from electricity.
 E - the +0 helmet of Qarhalo (worn) {rC+ Int+3}
   (You acquired it on level 1 of the Swamp)

   Int:       It affects your intelligence (+3).
   rC:        It protects you from cold.
 I - a +4 tower shield of protection (worn)
 X - +9 ice dragon scales (worn)
Jewellery
 f - a ring of protection from cold (right hand)
 p - the amulet "Nofirph" {Harm Fly rF+ rN+ Regen+}
   (You found it on level 14 of the Dungeon)

   [amulet of regeneration]

   rF:        It protects you from fire.
   rN:        It protects you from negative energy.
   Fly:       It grants you flight.
   Regen:     It increases your rate of health regeneration.
   Harm:      It increases damage dealt and taken.
 L - the amulet of Jeqisis (around neck) {Reflect rF++ rC- rN+ SH+5 Stlth+}
   (You found it in an ice cave)

   [amulet of reflection]

   It reflects blocked missile attacks.
   rF:        It greatly protects you from fire.
   rC:        It makes you vulnerable to cold.
   rN:        It protects you from negative energy.
   SH:        It affects your SH (+5).
   Stlth:     It makes you more stealthy.
 Y - the ring "Loulerad" (left hand) {rN+ Will+}
   (You found it in an ice cave)

   [ring of positive energy]

   rN:        It protects you from negative energy.
   Will:      It increases your willpower.
Wands
 b - a wand of acid (5)
 u - a wand of mindburst (14)
 J - a wand of charming (6)
 N - a wand of flame (66)
 O - a wand of digging (6)
 P - a wand of polymorph (20)
 U - a wand of iceblast (16)
 Z - a wand of paralysis (2)
Scrolls
 a - 10 scrolls of blinking
 d - 3 scrolls of silence
 m - 16 scrolls of teleportation
 o - 7 scrolls of fog
 q - 3 scrolls of immolation
 s - 6 scrolls of magic mapping
 z - a scroll of holy word
 K - 4 scrolls of fear
 R - 15 scrolls of identify
Potions
 c - 2 potions of invisibility
 e - 6 potions of lignification
 g - 4 potions of heal wounds
 i - 2 potions of cancellation
 j - 27 potions of curing
 n - 10 potions of ambrosia
 r - 9 potions of attraction
 t - 3 potions of mutation
 A - 3 potions of might
 G - 8 potions of haste
 Q - 3 potions of resistance
 W - a potion of berserk rage
Miscellaneous
 h - a box of beasts
 w - a condenser vane (inert)
 C - a phantom mirror
 D - a phial of floods
 T - a lightning rod (4/4)


   Skills:
 - Level 15.0 Fighting
 + Level 15.4 Long Blades
 - Level 15.0 Armour
 - Level 15.0 Dodging
 - Level 25.0 Shields
 - Level 13.4 Evocations


You couldn't memorise any spells.
You knew the following spells:

 Your Spells              Type           Power      Damage    Failure   Level
a - Foxfire               Conj/Fire      0%         2x1d4     67%         1
b - Ensorcelled Hibernat  Hex/Ice        0%         N/A       80%         2
c - Searing Ray           Conj           0%         2d4       80%         2
d - Lesser Beckoning      Tloc           0%         N/A       95%         3
e - Summon Lightning Spi  Summ/Air       0%         N/A       100%        4
f - Silence               Hex/Air        0%         N/A       100%        5
g - Eringya's Noxious Bo  Tmut/Pois      0%         N/A       100%        6
h - Ozocubu's Refrigerat  Ice            0%         4d5       100%        7
i - Conjure Ball Lightni  Conj/Air       0%         3x3d6     100%        6
j - Malign Gateway        Summ/Tloc      0%         N/A       100%        7
k - Ignition              Fire           0%         3d3       100%        8
Your spell library was empty.


Dungeon Overview and Level Annotations

Branches:
Dungeon (15/15)            Temple (0/1) D:5            Lair (6/6) D:10
  Swamp (4/4) Lair:4       Spider (4/4) Lair:3        Slime (0/5) Lair:5
    Orc (2/2) D:12            Elf (3/3) Orc:2        Vaults (4/5) D:13
  Crypt (0/3) Vaults:2     Depths (0/4) D:15          IceCv (visited)

Altars:
Ashenzari
Fedhas
Kikubaaqudgha
Nemelex Xobeh
Okawaru
Qazlal
Vehumet
Wu Jian
Yredelemnul
Zin
The Shining One
Beogh
Lugonu

Shops:
D:4 [:   D:8 [:   D:10 *([[   D:11 =   D:12 (?   D:13 [   D:14 (   Orc:2 =!?[:
Elf:1 *?::*=   Elf:2 (   Elf:3 !((   Vaults:2 ?   Vaults:4 [(

Annotations:
D:14 Roxanne
Lair:3 exclusion: oklob plant
Elf:3 exclusion: 3 doors
Vaults:1 3 runed translucent doors, abarbat's ghost, adept MiBe


Innate Abilities, Weirdness & Mutations

You are immune to sickness and miasma.
You are immune to poison.
Your flesh is very heat resistant. (rF++)
You are vulnerable to cold. (rC-)
You float through the air rather than walking.
You learn spells naturally, not from books.
Your magical power is your life essence.
You have superior vitality. (+4 HP)


Message History

You kill the deep troll!
Trog accepts your kill.
The yaktaur captain is engulfed in freezing vapours.
You kill the yaktaur captain!
Trog accepts your kill.
You slice the deep troll!! You burn the deep troll!
The deep troll is almost dead.
Something touches you but does no damage.
The deep troll bites you but does no damage.
You block the deep troll's attack. x2
You slash the deep troll! You burn the deep troll.
You kill the deep troll!
Trog accepts your kill.
The troll leather armour is intact enough to wear.
You hear some strange, mumbled words.
A bolt of acid appears from out of thin air!
The bolt of acid hits you!! The acid corrodes you!
Items here: ) [[[ †††.
You take 24 damage, and have 99/166 hp.
You hit something but do no damage.
Something touches you but does no damage.
You hit something. You burn something. You block something's attack.
You hit something but do no damage. You hit something but do no damage.
You block something's attack.
You slice something!! You burn something. You closely miss something.
You hear some strange, mumbled words.
A crystal spear appears from out of thin air!
The crystal spear hits you!!!!
Ouch! That really hurt!
* * * LOW HITPOINT WARNING * * *
You take 87 damage, and have 13/166 hp.
MASSIVE DAMAGE!!
You hit something. You block something's attack.
You completely miss something.
Unknown command.
You feel much better.
You hear some strange, mumbled words.
A bolt of acid appears from out of thin air!
The bolt of acid hits you!!!
You die...

....##.## #...# ....####
#.### ....# ## ....#
....# ############ ....#
#.......§..# ....#
#.....§)...# ######
#....{<☼○§.# .....#
#....@°○○..# .....#
#.....)§§..##### ..>..#
#........?.'...# .....#
#......)(..#...# .....#
#######'#### .## .....#
#.........##
.....########.........'.#
.....#......#.........'.#
.....#..##..#.........###


There were no monsters in sight!

Vanquished Creatures
  Jory (Vaults:4)
  Mlioglotl (Swamp:4)
  2 deep elf master archers (Elf:3)
  3 deep elf blademasters (Elf:3)
  2 sphinxes
  A thorn hunter (Swamp:4)
  Kirke (D:12)
  A tengu reaver (Vaults:4)
  The ghost of Huol the Warrior, an adept FoFi of Okawaru (Elf:2)
  A fenstrider witch (Swamp:3)
  9 deep elf sorcerers
  5 vault wardens
  5 ghost moths
  A draconian knight (IceCv)
  4 deep elf elementalists (Elf:3)
  Aizul (Elf:1)
  19 ironbound preservers
  5 emperor scorpions
  3 orc warlords
  A war gargoyle (Vaults:2)
  5 very ugly things
  A stone giant (Vaults:1)
  2 vampire knights
  5 white draconians (IceCv)
  8 deep elf annihilators
  Azrael (Spider:2)
  5 bunyips
  3 deep elf demonologists (Elf:3)
  2 spark wasps (Spider:4)
  2 entropy weavers (Spider:3)
  6 dire elephants
  A merfolk javelineer (Vaults:1)
  2 eleionomae (Swamp:2)
  4 deep elf death magi (Elf:3)
  A fire dragon (Lair:4)
  4 shambling mangroves (Swamp:4)
  Josephine (Orc:1)
  7 deep elf high priests (Elf:3)
  8 yaktaur captains
  A great orb of eyes (Vaults:2)
  14 hydras
  The ghost of Acvun the Nimble, a journeyman GnMo of Yredelemnul (D:12)
  7 ironbound thunderhulks
  5 ogre magi
  A peacekeeper (Vaults:2)
  7 boulder beetles
  28 centaur warriors
  A spriggan air mage (Swamp:3)
  10 ironbound frosthearts
  2 catoblepae (Lair:2)
  9 vault guards
  Erica (D:9)
  A ghost crab (Spider:1)
  4 two-headed ogres
  34 dancing weapons
  9 alligators
  3 death yaks (D:10)
  2 tengu warriors
  2 thrashing horrors (D:14)
  An orc high priest (Elf:1)
  2 spriggan berserkers (Swamp:3)
  Sonja (Lair:5)
  26 deep elf knights
  4 skeletal warriors (D:13)
  3 goliath frogs
  2 flayed ghosts (Swamp:4)
  6 spriggan druids
  59 deep trolls
  7 swamp dragons
  3 bog bodies
  11 ironbound convokers
  2 spectral hydras (Swamp:4)
  13 deep elf archers
  2 necromancers
  34 deep elf pyromancers
  23 deep elf zephyrmancers
  An orange crystal statue (IceCv)
  6 lindwurms
  10 orc knights
  4 wizards
  16 orb spiders
  A frost giant zombie (Vaults:4)
  12 orc sorcerers
  3 oklob plants (Swamp:4)
  2 will-o-the-wisps (Swamp:3)
  20 ugly things
  28 wolf spiders
  4 cyclopes
  A worldbinder (D:14)
  A human zombie (Vaults:4)
  10 elephants
  An apocalypse crab (D:14)
  A moth of wrath (Spider:4)
  A manticore (D:14)
  A guardian serpent (Lair:6)
  A naga mage (D:15)
  3 torpor snails
  2 ice statues (Spider:2)
  9 vault sentinels
  4 black mambas (Lair:6)
  A gargoyle (D:12)
  5 centaur skeletons
  2 storm dragon simulacra (IceCv)
  16 cane toads
  An unseen horror (D:12)
  A cane toad (shapeshifter) (D:15)
  32 yaktaurs
  A kobold demonologist (D:13)
  3 rime drakes
  16 demonic crawlers
  7 komodo dragons
  A redback zombie (D:15)
  3 freezing wraiths
  2 golden dragon simulacra (IceCv)
  A hydra zombie (Swamp:4)
  6 trolls
  24 jumping spiders
  3 polar bears
  3 meliai (Spider:4)
  7 tyrant leeches
  3 death drake zombies (Swamp:4)
  A queen bee (Spider:4)
  3 hydra skeletons (Swamp:4)
  14 hornets
  3 blink frogs (Lair:1)
  15 slime creatures
  An ettin zombie (Vaults:4)
  A meliai zombie (D:15)
  4 dream sheep (Lair:4)
  7 spriggans
  40 yaks
  2 air elementals (Elf:3)
  A redback (shapeshifter) (D:14)
  A shadow (D:9)
  24 tarantellas
  63 redbacks
  A hog (D:12)
  4 water elementals
  7 wraiths
  6 fire elementals
  12 wyverns
  A basilisk (Lair:2)
  A golden eye (shapeshifter) (Elf:2)
  19 vampire mosquitoes
  2 steam dragons
  17 swamp worms
  6 wargs
  3 large abominations (D:14)
  3 acid dragons
  4 hell hounds (Spider:2)
  26 water moccasins
  3 swamp drakes (Swamp:4)
  4 hydra simulacra (Swamp:4)
  A human skeleton (Vaults:4)
  15 orc warriors
  4 black bears
  A necrophage (D:6)
  A sky beast (D:6)
  10 ogres
  A swamp dragon zombie (Swamp:4)
  4 ice beasts
  9 ice dragon simulacra (IceCv)
  11 centaurs
  11 wolves
  A swamp dragon skeleton (Swamp:4)
  2 phantoms
  8 boggarts
  4 kobold brigands (D:13)
  13 bullfrogs
  2 gnoll sergeants
  5 scorpions (Lair:3)
  2 earth elementals (Elf:2)
  2 water moccasin skeletons
  A wyvern skeleton (D:7)
  22 killer bees
  8 lindwurm simulacra (IceCv)
  7 wights
  6 electric eels
  5 howler monkeys
  6 centaur zombies
  A bullfrog zombie (D:6)
  17 orc priests
  7 hounds
  5 jellies
  A bullfrog skeleton (D:6)
  3 iguanas
  A hell rat (D:10)
  Natasha (D:3)
  35 orc wizards
  A killer bee zombie (D:7)
  A mummy (D:5)
  3 hound skeletons
  2 howler monkey zombies (D:8)
  A howler monkey skeleton (D:4)
  10 gnolls
  4 adders
  3 river rats (D:10)
  2 white imps (D:7)
  An ufetubus (D:5)
  8 worms
  2 dart slugs
  74 orcs
  11 ball pythons
  6 bats
  6 endoplasms
  8 giant cockroaches
  9 hobgoblins
  4 jackals (D:2)
  7 quokkas
  5 frilled lizards
  7 goblins
  9 kobolds
  2 kobold zombies (D:5)
  2 orc zombies (D:5)
  5 rats
  17 butterflies
1498 creatures vanquished.

Vanquished Creatures (collateral kills)
  Rupert (D:15)
  A deep elf blademaster (Elf:2)
  The ghost of Denysae the Thrower, a journeyman OgAr of Ashenzari (Lair:5)
  A deep elf sorcerer (Elf:3)
  The ghost of Dowoeg the Nimble, a journeyman DjWn of Fedhas (Lair:5)
  A deep elf annihilator (Elf:3)
  A deep elf death mage (Elf:3)
  A two-headed ogre (D:13)
  A deep elf zephyrmancer (Elf:2)
  A rime drake (Lair:4)
  2 dream sheep (Lair:4)
12 creatures vanquished.

Vanquished Creatures (others)
  A deep elf knight (Elf:1)
  An orb spider (Spider:3)
  A deep elf pyromancer (Elf:3)
  3 deep elf zephyrmancers
  A hornet (Swamp:1)
  A bloated husk (Swamp:1)
  A spriggan (Swamp:1)
  A tarantella (Spider:4)
  3 redbacks
  An orc wizard (Orc:2)
  48 fungi
  120 plants
182 creatures vanquished.

Grand Total: 1692 creatures vanquished

Notes
Turn   | Place    | Note
-------+----------+-------------------------------------------
     0 | D:1      | jasper the Djinni Berserker began the quest for the Orb.
     0 | D:1      | Reached XP level 1. HP: 20/20 MP: 0/0
   145 | D:1      | Reached XP level 2. HP: 18/25 MP: 0/0
   227 | D:1      | Found a faded altar of an unknown god.
   809 | D:1      | Reached XP level 3. HP: 30/30 MP: 0/0
   809 | D:1      | Learned a level 1 spell: Foxfire
  1467 | D:2      | Reached ** piety under Trog
  1905 | D:2      | Reached XP level 4. HP: 35/35 MP: 0/0
  3318 | D:3      | Reached XP level 5. HP: 40/40 MP: 0/0
  3318 | D:3      | Learned a level 2 spell: Ensorcelled Hibernation
  3549 | D:3      | Noticed Natasha
  3557 | D:3      | Killed Natasha
  3558 | D:3      | Reached skill level 5 in Long Blades
  3850 | D:4      | Reached XP level 6. HP: 37/46 MP: 0/0
  3982 | D:4      | Noticed an ogre
  4034 | D:4      | Found a stormy altar of Qazlal.
  4080 | D:4      | Killed an ogre
  4337 | D:4      | Noticed an ogre
  4340 | D:4      | Killed an ogre
  4341 | D:4      | Reached XP level 7. HP: 50/50 MP: 0/0
  4341 | D:4      | Learned a level 2 spell: Searing Ray
  4346 | D:4      | Found Baip's Antique Armour Boutique.
  4485 | D:4      | Reached *** piety under Trog
  4611 | D:4      | Bought a slimy scale mail for 261 gold pieces
  4611 | D:4      | Identified the +2 scale mail "Idaess" {+Blink Dex+4} (You
                  | bought it in a shop on level 4 of the Dungeon)
  4722 | D:4      | Reached XP level 8. HP: 56/56 MP: 0/0
  5015 | D:4      | Found Tuany's Book Shop.
  5133 | D:5      | Entered Level 5 of the Dungeon
  5623 | D:5      | Found a staircase to the Ecumenical Temple.
  5673 | D:5      | Found the +3 pair of gauntlets of War {Slay+5}
  6352 | D:6      | Reached skill level 10 in Long Blades
  6352 | D:6      | Reached XP level 9. HP: 57/60 MP: 0/0
  6352 | D:6      | Learned a level 3 spell: Lesser Beckoning
  6574 | D:6      | Reached **** piety under Trog
  6691 | D:6      | Found an ornate altar of the Wu Jian Council.
  7636 | D:7      | Noticed a four-headed hydra
  7656 | D:7      | Killed a four-headed hydra
  7657 | D:7      | Reached XP level 10. HP: 38/67 MP: 0/0
  8782 | D:8      | Found Lyffaso's Book Emporium.
  9616 | D:8      | Found Uzxa's Armour Boutique.
  9855 | D:9      | Reached XP level 11. HP: 38/72 MP: 0/0
  9855 | D:9      | Learned a level 4 spell: Summon Lightning Spire
 10197 | D:9      | Noticed Erica
 10208 | D:9      | Killed Erica
 10515 | D:9      | Reached skill level 5 in Fighting
 10539 | D:9      | Reached skill level 5 in Dodging
 10613 | D:10     | Entered Level 10 of the Dungeon
 11199 | D:10     | Found Hetuumee's Antique Armour Emporium.
 11330 | D:10     | Noticed a death yak
 11358 | D:10     | Killed a death yak
 11359 | D:10     | Reached skill level 5 in Armour
 11550 | D:10     | Found Raedwowo's Armour Shop.
 11577 | D:10     | Found a staircase to the Lair.
 11577 | D:10     | Noticed a death yak
 11586 | D:10     | Noticed a death yak
 11598 | D:10     | Killed a death yak
 11606 | D:10     | Killed a death yak
 12001 | D:10     | Noticed a two-headed ogre
 12014 | D:10     | Killed a two-headed ogre
 12015 | D:10     | Reached XP level 12. HP: 84/84 MP: 0/0
 12105 | D:10     | Found an iron altar of Okawaru.
 12105 | D:10     | Found a glowing silver altar of Zin.
 12105 | D:10     | Found a broken altar of Ashenzari.
 12118 | D:10     | Found Urilom's Antique Weapon Shoppe.
 12125 | D:10     | Found Utang's Assorted Antiques.
 12301 | Lair:1   | Entered Level 1 of the Lair of Beasts
 13464 | Lair:2   | Noticed a catoblepas
 13486 | Lair:2   | Killed a catoblepas
 13590 | Lair:2   | Noticed a catoblepas
 13603 | Lair:2   | Killed a catoblepas
 13696 | Lair:2   | Noticed a four-headed hydra
 13710 | Lair:2   | Killed a one-headed hydra
 13774 | Lair:2   | Noticed a four-headed hydra
 13784 | Lair:2   | Killed a one-headed hydra
 14343 | Lair:3   | Found a blossoming altar of Fedhas.
 14413 | Lair:3   | Noticed a five-headed hydra
 14423 | Lair:3   | Killed a one-headed hydra
 14465 | Lair:3   | Reached ***** piety under Trog
 14549 | Lair:3   | Reached XP level 13. HP: 87/94 MP: 0/0
 14549 | Lair:3   | Learned a level 5 spell: Silence
 14774 | Lair:3   | Found a hole to the Spider Nest.
 15310 | Lair:4   | Reached skill level 10 in Dodging
 15803 | Lair:4   | Found a staircase to the Swamp.
 16205 | Lair:4   | Noticed a fire dragon
 16221 | Lair:4   | Killed a fire dragon
 16222 | Lair:4   | Reached skill level 10 in Fighting
 16391 | Lair:5   | Noticed Sonja
 16396 | Lair:5   | Killed Sonja
 16397 | Lair:5   | Reached skill level 10 in Armour
 16397 | Lair:5   | Reached skill level 1 in Shields
 16518 | Lair:5   | Reached skill level 2 in Shields
 16663 | Lair:5   | Found a runed translucent gate.
 16663 | Lair:5   | Found a runed translucent gate.
 16663 | Lair:5   | Found a runed translucent gate.
 16676 | Lair:5   | Noticed an eight-headed hydra
 16687 | Lair:5   | Killed a four-headed hydra
 16688 | Lair:5   | Reached skill level 3 in Shields
 16838 | Lair:5   | Reached skill level 4 in Shields
 17111 | Lair:5   | Found a staircase to the Slime Pits.
 17302 | Lair:5   | Noticed Denysae's ghost (journeyman OgAr)
 17302 | Lair:5   | Noticed Dowoeg's ghost (journeyman DjWn)
 17356 | Lair:5   | Noticed a six-headed hydra
 17366 | Lair:5   | Killed a two-headed hydra
 17367 | Lair:5   | Reached skill level 5 in Shields
 17699 | Lair:5   | Killed Dowoeg's ghost
 17703 | Lair:5   | Killed Denysae's ghost
 17704 | Lair:5   | Reached skill level 6 in Shields
 17764 | Lair:6   | Entered Level 6 of the Lair of Beasts
 17823 | Lair:5   | Reached skill level 7 in Shields
 17833 | Lair:5   | Reached XP level 14. HP: 86/103 MP: 0/0
 18002 | Lair:6   | Reached skill level 8 in Shields
 18250 | Lair:6   | Reached skill level 9 in Shields
 18485 | Lair:6   | Reached skill level 10 in Shields
 19126 | Lair:6   | Reached skill level 11 in Shields
 19218 | Lair:6   | Received a gift from Trog
 19824 | D:10     | Bought +0 ice dragon scales for 780 gold pieces
 19874 | D:8      | Reached skill level 12 in Shields
 20483 | D:11     | Found Anyicofa's Jewellery Emporium.
 21008 | D:11     | Found a sparkling altar of Nemelex Xobeh.
 21353 | D:12     | Noticed Kirke
 21372 | D:12     | Killed Kirke
 21373 | D:12     | Reached XP level 15. HP: 107/107 MP: 0/0
 21373 | D:12     | Learned a level 6 spell: Eringya's Noxious Bog
 21385 | D:12     | Reached skill level 13 in Shields
 21485 | D:12     | Found Babuij's Antique Weapon Boutique.
 21753 | D:12     | Found a staircase to the Orcish Mines.
 21935 | D:12     | Found a runed translucent door.
 21937 | D:12     | Noticed Acvun's ghost (journeyman GnMo)
 21957 | D:12     | Killed Acvun's ghost
 22217 | D:12     | Found Zorifade's Magic Scroll Shop.
 22235 | Orc:1    | Entered Level 1 of the Orcish Mines
 22280 | Orc:1    | Received a gift from Trog
 22539 | Orc:1    | Noticed Josephine
 22547 | Orc:1    | Killed Josephine
 22548 | Orc:1    | Reached skill level 14 in Shields
 22823 | Orc:2    | Entered Level 2 of the Orcish Mines
 23076 | Orc:2    | Found a staircase to the Elven Halls.
 23670 | Orc:2    | Found Nusenamp's Jewellery Emporium.
 23704 | Orc:2    | Paralysed by an orc sorcerer for 6 turns
 23731 | Orc:2    | Reached skill level 15 in Shields
 23737 | Orc:2    | Received a gift from Trog
 23744 | Orc:2    | Found Zaehyod's Magic Scroll Shoppe.
 23785 | Orc:2    | Bought a scroll of fog for 28 gold pieces
 23785 | Orc:2    | Bought a scroll of blinking for 105 gold pieces
 23785 | Orc:2    | Bought a scroll of teleportation for 42 gold pieces
 23785 | Orc:2    | Bought a scroll of enchant armour for 105 gold pieces
 23785 | Orc:2    | Bought a scroll of enchant armour for 105 gold pieces
 23866 | Orc:2    | Found Wefedgh's Distillery.
 23867 | Orc:2    | Found Doneu's Antique Armour Emporium.
 23904 | Orc:2    | Bought a potion of curing for 48 gold pieces
 23904 | Orc:2    | Bought a potion of curing for 48 gold pieces
 23904 | Orc:2    | Bought a potion of ambrosia for 128 gold pieces
 24019 | Orc:2    | Found Fuwesaca's Book Boutique.
 24512 | D:13     | Paralysed by an ogre mage for 2 turns
 24808 | D:13     | Found a gate to the Vaults.
 25028 | D:13     | Found Joiloo's Antique Armour Shoppe.
 25240 | Orc:2    | Bought a twisted cloak for 266 gold pieces
 25240 | Orc:2    | Identified the +2 cloak "Lonain" {rElec rF+ Dex+2} (You
                  | bought it in a shop on level 2 of the Orcish Mines)
 25787 | D:13     | Reached XP level 16. HP: 113/113 MP: 0/0
 26781 | D:14     | Found Voetil's Weapon Shop.
 26900 | D:14     | Found a transporter.
 26903 | D:14     | Found a corrupted altar of Lugonu.
 27091 | D:14     | Found a transporter.
 27199 | D:14     | Found a glowing golden altar of the Shining One.
 27265 | D:14     | Noticed Roxanne
 28181 | D:14     | Identified the amulet "Nofirph" {Harm Fly rF+ rN+ Regen+}
 28225 | D:15     | Entered Level 15 of the Dungeon
 28257 | D:15     | Noticed Rupert
 28262 | D:15     | Paralysed by Rupert for 5 turns
 28267 | D:15     | Killed Rupert
 28268 | D:15     | Reached skill level 15 in Dodging
 28339 | D:15     | Identified the +10 long sword of the Asp {vorpal, rPois
                  | Will+ Int-2 Dex+4} (Trog gifted it to you on level 15 of
                  | the Dungeon)
 28339 | D:15     | Received a gift from Trog
 29173 | D:15     | Found a staircase to the Depths.
 29943 | Spider:1 | Entered Level 1 of the Spider Nest
 30497 | D:10     | Bought a scroll labelled FULUSOSARGH for 24 gold pieces
 30499 | D:10     | Bought a potion of curing for 72 gold pieces
 30499 | D:10     | Bought a scroll of silence for 180 gold pieces
 31056 | Spider:1 | Reached XP level 17. HP: 90/119 MP: 0/0
 31056 | Spider:1 | Learned a level 7 spell: Ozocubu's Refrigeration
 31287 | Spider:1 | Identified the +2 chain mail "Pumakud" {rPois rN++ rCorr
                  | Slay+6}
 31698 | Spider:1 | Received a gift from Trog
 31834 | Spider:2 | Found a frozen archway.
 31905 | IceCv    | Entered an ice cave
 32678 | IceCv    | Identified the ring "Loulerad" {rN+ Will+}
 32682 | IceCv    | Identified the amulet of Jeqisis {Reflect rF++ rC- rN+ SH+5
                  | Stlth+}
 33615 | Spider:2 | Noticed Azrael
 33652 | Spider:2 | Killed Azrael
 35041 | Spider:3 | Reached skill level 15 in Armour
 35069 | Spider:3 | Received a gift from Trog
 35639 | Spider:4 | Entered Level 4 of the Spider Nest
 36392 | Spider:3 | Reached XP level 18. HP: 120/130 MP: 0/0
 37690 | Spider:4 | Reached ****** piety under Trog
 37690 | Spider:4 | Received a gift from Trog
 39132 | Spider:4 | Got a gossamer rune of Zot
 39322 | Swamp:1  | Entered Level 1 of the Swamp
 39747 | Swamp:1  | Reached skill level 15 in Fighting
 39755 | Swamp:1  | Identified a scroll of acquirement
 39756 | Swamp:1  | Acquired the +0 helmet of Qarhalo {rC+ Int+3}
 39900 | Swamp:1  | Reached skill level 1 in Evocations
 40218 | Swamp:2  | Received a gift from Trog
 40234 | Swamp:2  | Reached skill level 5 in Evocations
 41395 | Swamp:3  | Reached skill level 10 in Evocations
 41395 | Swamp:3  | Reached XP level 19. HP: 143/143 MP: 0/0
 41395 | Swamp:3  | Learned a level 6 spell: Conjure Ball Lightning
 41707 | Swamp:4  | Entered Level 4 of the Swamp
 42266 | Swamp:4  | Noticed Mlioglotl
 42283 | Swamp:4  | Killed Mlioglotl
 43381 | Swamp:4  | Found a basalt altar of Yredelemnul.
 43398 | Swamp:4  | Got a decaying rune of Zot
 43773 | Swamp:4  | Found a blossoming altar of Fedhas.
 44133 | Elf:1    | Entered Level 1 of the Elven Halls
 44229 | D:10     | Bought a +0 tower shield of protection for 149 gold pieces
 44650 | Elf:1    | Reached skill level 16 in Shields
 44736 | Elf:1    | Received a gift from Trog
 45177 | Elf:1    | Found Naadi's General Store.
 45179 | Elf:1    | Found Ridolarunn's Book Boutique.
 45182 | Elf:1    | Found Moiroom's Book Shop.
 45401 | Elf:1    | Found Acrirrio's Magic Scroll Shop.
 45409 | Elf:1    | Bought a scroll of brand weapon for 340 gold pieces
 45410 | Elf:1    | Bought a scroll of enchant weapon for 127 gold pieces
 45410 | Elf:1    | Bought a scroll of enchant armour for 127 gold pieces
 45410 | Elf:1    | Bought a scroll of enchant weapon for 127 gold pieces
 45454 | Elf:1    | Bought 2 scrolls of enchant weapon for 240 gold pieces
 45498 | Elf:1    | Found Josura's Jewellery Boutique.
 45580 | Elf:1    | Noticed Aizul
 45601 | Elf:1    | Killed Aizul
 45661 | Elf:1    | Found Ysudwocw's Assorted Antiques.
 46057 | Elf:2    | Reached skill level 17 in Shields
 46092 | Elf:2    | Received a gift from Trog
 46122 | Elf:2    | Reached XP level 20. HP: 149/149 MP: 0/0
 46277 | Elf:2    | Found a large runed translucent door.
 46277 | Elf:2    | Found a large runed translucent door.
 46278 | Elf:2    | Noticed Huol's ghost (adept FoFi)
 46305 | Elf:2    | Killed Huol's ghost
 46475 | Elf:2    | Found a runed translucent gate.
 46476 | Elf:2    | Found a runed translucent gate.
 46476 | Elf:2    | Found a runed translucent gate.
 46505 | Elf:2    | Found Etzil's Weapon Shoppe.
 46830 | Elf:2    | Reached skill level 18 in Shields
 46979 | Elf:2    | Received a gift from Trog
 47314 | Elf:3    | Entered Level 3 of the Elven Halls
 47314 | Elf:3    | Found Yciaps's Weapon Shop.
 47420 | Elf:3    | Found Hulem's Weapon Shoppe.
 47428 | Elf:3    | Paralysed by an air elemental for 1 turns
 47513 | Elf:3    | Reached skill level 19 in Shields
 47545 | Elf:3    | Found Joudatin's Distillery.
 47588 | Elf:3    | Bought 2 potions of curing for 114 gold pieces
 47588 | Elf:3    | Bought a potion of curing for 57 gold pieces
 48063 | Elf:3    | Received a gift from Trog
 48846 | Elf:3    | Reached skill level 20 in Shields
 49333 | Elf:3    | Identified the amulet "Deaqinwa" {Spirit Fly}
 49365 | Elf:3    | Identified the +4 short sword of Tension {flame, rElec
                  | rPois Dex+5 Stlth+}
 49376 | Elf:3    | Received a gift from Trog
 49381 | Elf:3    | Reached XP level 21. HP: 126/155 MP: 0/0
 49381 | Elf:3    | Learned a level 7 spell: Malign Gateway
 49404 | Elf:3    | Noticed a Tzitzimitl
 49887 | Elf:3    | Identified the +7 hand axe "Gufuwukk" {vamp, *Rage Fly
                  | Str+2 SInv}
 49904 | Elf:3    | Found the +6 lightning scales {swift, rElec}
 49908 | Elf:3    | Found the +7 great mace "Firestarter" {inner flame, rF++}
 49920 | Elf:3    | Identified the +8 flail of a bailey {antimagic, rCorr Dex+2
                  | Stlth+}
 49979 | Elf:3    | Reached skill level 21 in Shields
 50140 | Elf:3    | HP: 7/155 [deep elf annihilator/bolt of lightning (15)]
 50519 | Elf:3    | Found the +8 storm bow {elec, penet}
 50537 | Elf:3    | Identified the +9 scale mail of the First Ships {rCorr MP-9
                  | Str+8 Dex-2 Stlth+}
 50675 | Elf:3    | Bought a potion of curing for 57 gold pieces
 50675 | Elf:3    | Bought a potion of curing for 57 gold pieces
 50675 | Elf:3    | Bought a potion of haste for 190 gold pieces
 50675 | Elf:3    | Bought a potion of haste for 190 gold pieces
 50778 | D:12     | Bought a scroll of blinking for 112 gold pieces
 50828 | Vaults:1 | Entered Level 1 of the Vaults
 51004 | Vaults:1 | Received a gift from Trog
 51231 | Vaults:1 | Found a runed translucent gate.
 51233 | Vaults:1 | Found a runed translucent gate.
 51233 | Vaults:1 | Found a runed translucent gate.
 51234 | Vaults:1 | Identified the +0 leather armour "Daklo" {Will++}
 51735 | Vaults:1 | Reached skill level 22 in Shields
 52044 | Vaults:1 | Noticed abarbat's ghost (adept MiBe)
 52047 | Vaults:1 | Found an iron altar of Okawaru.
 52186 | Vaults:2 | Received a gift from Trog
 52451 | Vaults:2 | Reached XP level 22. HP: 149/161 MP: 0/0
 52571 | Vaults:2 | Reached skill level 23 in Shields
 53139 | Vaults:2 | Found Disogos's Magic Scroll Shoppe.
 53535 | Vaults:2 | Found a staircase to the Crypt.
 53535 | Vaults:2 | Found a basalt altar of Yredelemnul.
 53617 | Vaults:2 | Identified the +7 quarterstaff "Toothy Impbane" {vorpal,
                  | *Slow +Blink rN++ SInv} (Trog gifted it to you on level 2
                  | of the Vaults)
 53617 | Vaults:2 | Received a gift from Trog
 53761 | Vaults:2 | Bought a scroll of brand weapon for 440 gold pieces
 54388 | Vaults:3 | Reached skill level 24 in Shields
 55070 | Vaults:3 | Received a gift from Trog
 55356 | Vaults:3 | Found a huge runed gate.
 55356 | Vaults:3 | Found a huge runed gate.
 55356 | Vaults:3 | Found a huge runed gate.
 55356 | Vaults:3 | Found a huge runed gate.
 55356 | Vaults:3 | Found a huge runed gate.
 55357 | Vaults:3 | Found a huge runed gate.
 55357 | Vaults:3 | Found a huge runed gate.
 55357 | Vaults:3 | Found a huge runed gate.
 55357 | Vaults:3 | Found a huge runed gate.
 55357 | Vaults:3 | Found a huge runed gate.
 55358 | Vaults:3 | Found a huge runed gate.
 55359 | Vaults:3 | Found a huge runed gate.
 55363 | Vaults:3 | Found a huge runed gate.
 55364 | Vaults:3 | Found a huge runed gate.
 55522 | Vaults:3 | Identified the ring of Amen {Fire Str-5 Int-2 Dex+8 Stlth+}
 55783 | Vaults:4 | Found Jesuumny's Antique Armour Shoppe.
 56136 | Vaults:4 | Noticed Jory
 56152 | Vaults:4 | Killed Jory
 56396 | Vaults:4 | Reached skill level 25 in Shields
 56428 | Vaults:4 | Reached XP level 23. HP: 138/165 MP: 0/0
 56428 | Vaults:4 | Learned a level 8 spell: Ignition
 56706 | Vaults:4 | Found Cabym's Weapon Emporium.
 56835 | Vaults:4 | Received a gift from Trog
 57216 | Vaults:4 | Reached skill level 15 in Long Blades
 57239 | Vaults:4 | Noticed an ancient lich
 57265 | Vaults:4 | Killed from afar by an ancient lich

Illustrated notes

Levels and vault maps discovered:
D:1:      dpeg_arrival_three_same_balls, layout_basic,
          shapermc_ecumenical_altar_mp_ritualfount, st_stairs_12
D:2:      layout_basic
D:3:      layout_basic, serial_curves, eino_curves_03, eino_curves_02,
          uniq_natasha
D:4:      layout_loops_ring, amcnicky_altar_gilded,
          nicolae_overflow_hidden_temple, serial_shops, shop,
          nicolae_stop_n_shop_1, grunt_decor_cap, nzn_random_ring
D:5:      layout_basic, minmay_temple_entry_poolview,
          amcnicky_mini_rare_corridor_liquid, minmay_mini_ossuary
D:6:      kennysheep_six_static_rooms, layout_rooms,
          mainiacjoe_overflow_concentric_impassable,
          chequers_serial_rivers_room_b, corexii_corridor_pit
D:7:      layout_loops_ring, minmay_manual_moon
D:8:      layout_loops_cross, serial_shops, shop_fountains, nicolae_shop_trees,
          chequers_serial_rivers_marsh, chequers_serial_rivers_marsh,
          minmay_shattered_shrine
D:9:      layout_roguey, hangedman_corner_corridor, uniq_erica
D:10:     kennysheep_spiral_hall, layout_irregular_city,
          gammafunk_temple_overflow_claw, dpeg_lair_monsters, serial_shops,
          nicolae_shop_behind_doors, nicolae_shop_hallway_plus, kennysheep_mini,
          nicolae_square_shop
D:11:     layout_grid_maze, serial_shops,
          nicolae_shop_temple_entry_statues_fountains,
          nemelex_lonely_heart_becter
D:12:     layout_basic, orc_0_dummy, ebering_ghost_inner_flame, serial_shops,
          nicolae_diamond_shop, nicolae_shop_trees, uniq_kirke
D:13:     layout_grid_maze, hangedman_vaults_entry_quadrant_bands, serial_shops,
          nicolae_shop_window_shopping
D:14:     gammafunk_corrupted_shrine, layout_irregular_city, serial_shops, shop,
          nicolae_tso_carved_into_rock, uniq_roxanne
D:15:     grunt_enter_depths_magical_seal, layout_basic, uniq_rupert
Lair:1:   layout_cave_pods, minivault_25
Lair:2:   layout_gridlike, columned_hall_lemuel, hibernation_bobbens,
          grunt_megastairs_3
Lair:3:   layout_regular_city, nicolae_spider_entry_non_spiders,
          lemuel_oklob_altar, infiniplex_staircase_pool, grunt_megastairs_4,
          lemuel_fruit_tree, lemuel_fruit_fields
Lair:4:   dragon1_lemuel, layout_small_grid, minmay_swamp_entry_worms,
          serial_bayou_shore_b
Lair:5:   layout_roguey, minmay_slime_entry_pillars, gammafunk_ghost_cemetery,
          uniq_sonja
Lair:6:   hangedman_lair_tendril_chambers, layout_regular_city
Swamp:1:  layout_basic_swamp, nicolae_swamp_big_swirl
Swamp:2:  layout_basic_swamp, evilmike_swamp_ruin_house_2
Swamp:3:  layout_basic_swamp, nicolae_swamp_decorative_isthmus, swamp_pool2
Swamp:4:  byrel_swamp_growth_death_and_undeath, layout_basic_swamp,
          uniq_mlioglotl
Spider:1: layout_spider_delve, nicolae_spider_swamp_cousins
Spider:2: layout_chambers, portal_ice_cave_entry_ice_statue_two,
          nicolae_spider_cling_halls, uniq_azrael
Spider:3: layout_spider_delve
Spider:4: spider_rune_water, special_room [special_room_bee]
Orc:1:    layout_diamond_mine, david_defended_altar_orc, uniq_josephine
Orc:2:    kennysheep_orc_mage_school, layout_diamond_mine, serial_shops,
          nicolae_shop_statue_plus
Elf:1:    eino_elf_arrival_altar, layout_loops_corners, serial_shops, shop,
          nicolae_shop_hallway_plus, shop_statue,
          hangedman_elven_crosses_minicolossus, minmay_shop_star, uniq_aizul
Elf:2:    nicolae_elf_blades_crystal_corner, layout_geoelf_octagon,
          ebering_ghost_disaster_area, serial_shops, shop
Elf:3:    nooodl_elf_gasket, layout_geoelf_castle, serial_shops,
          nicolae_shop_bloodbath_and_beyond, nicolae_diamond_shop, shop
Vaults:1: gammafunk_ghost_fury_of_okawaru, vaults_dpeg_ring, v_alt_pattern_6,
          vaults_room_grid, v_alt_pattern_3, vaults_room_stairs_pillars,
          ontoclasm_vaults_chip, ontoclasm_vaults_hangar, layout_vaults_omnibox
Vaults:2: vaults_dpeg_diagonal, nicolae_vaults_shelves_hall,
          minmay_crypt_entry_necro_gods, ontoclasm_vaults_claustrophobia,
          vaults_room_fancy_cross, v_misc_15, v_pattern_2,
          vaults_room_grunt_arrival_checkpoint, layout_vaults_omnigrid,
          serial_shops, nicolae_shop_hallway_plus
Vaults:3: nicolae_vaults_mini_display_case, not_door_vault_mu,
          hangedman_vaults_nails, v_pattern_1, v_alt_pattern_2,
          hangedman_vaults_trim, v_alt_pattern_6, vaults_room_guarded_vault,
          nicolae_vaults_angled_halls, ontoclasm_vaults_ring_square,
          layout_vaults_omnicross
Vaults:4: nicolae_vaults_little_squares_6, dpeg_vaults_monster_box,
          ontoclasm_vaults_decontamination, vaults_mumra_chevron,
          ontoclasm_vaults_chip, ontoclasm_vaults_ring_small,
          vaults_standard_mumra_lines, vaults_room_semicircle, v_misc_1,
          ontoclasm_vaults_fault, v_misc_1, st_lattice, layout_vaults_maze,
          serial_shops, nicolae_shop_stone, nicolae_square_shop, shop, uniq_jory

Skill      XL: |  1  2  3  4  5  6  7  8  9 10 11 12 13 14 15 16 17 18 19 20 21 22 23 |
---------------+----------------------------------------------------------------------+-----
Long Blades    | 3 4 5 7 8 10 12 14 15 | 15.4
Dodging        | 3 6 9 10 12 15 | 15.0
Armour         | 3 6 8 10 12 15 | 15.0
Fighting       | 6 8 10 12 15 | 15.0
Shields        | 7 12 15 17 20 22 25 | 25.0
Evocations     | 10 13 | 13.4

Action                   |  1- 3 |  4- 6 |  7- 9 | 10-12 | 13-15 | 16-18 | 19-21 | 22-24 || total
-------------------------+-------+-------+-------+-------+-------+-------+-------+-------++-------
Melee: Falchion          |   124 |   179 |   153 |       |       |       |       |       ||   456
       Long sword        |       |       |   115 |    95 |       |       |       |       ||   210
       Scimitar          |       |       |       |   323 |   499 |    14 |    42 |       ||   878
       Demon blade       |       |       |       |       |   782 |  1991 |  1366 |   815 ||  4954
Throw: Stone             |       |       |     5 |    24 |    32 |       |       |       ||    61
       Boomerang         |       |       |       |       |       |    60 |    15 |     4 ||    79
Invok: Berserk           |       |     4 |     3 |     3 |     6 |     7 |     5 |       ||    28
       Brothers in Arms  |       |       |     1 |       |     3 |     4 |     2 |       ||    10
       Trog's Hand       |       |       |       |     2 |     8 |     7 |    13 |     2 ||    32
Evoke: Wand              |       |     2 |     9 |    20 |    12 |    49 |     3 |       ||    95
       Phantom mirror    |       |       |       |       |     1 |     1 |       |       ||     2
       Condenser vane    |       |       |       |       |       |     5 |     6 |     2 ||    13
       Lightning rod     |       |       |       |       |       |     6 |    11 |     4 ||    21
       Box of beasts     |       |       |       |       |       |       |     1 |       ||     1
  Use: Scroll            |     2 |     4 |    10 |     5 |    13 |     9 |    15 |     4 ||    62
       Potion            |       |       |     1 |       |       |       |     3 |     1 ||     5
 Stab: Sleeping          |     1 |     1 |       |       |       |       |     1 |       ||     3
       Distracted        |       |       |       |       |     1 |       |     2 |       ||     3
       Paralysed         |       |       |       |       |     7 |       |       |       ||     7
       Confused          |       |       |       |       |       |     7 |       |       ||     7
Armor: Animal skin       |    29 |     5 |       |       |       |       |       |       ||    34
       Ring mail         |       |    29 |       |       |       |       |       |       ||    29
       Plate armour      |       |    40 |    46 |       |       |       |       |       ||    86
       Scale mail        |       |       |    89 |   124 |   201 |       |       |       ||   414
       Ice dragon scales |       |       |       |       |   197 |   844 |   433 |   157 ||  1631
Dodge: Dodged            |    68 |    79 |   127 |   241 |   729 |  1016 |   444 |   218 ||  2922
Block: Kite shield       |       |       |       |       |   497 |  1584 |   324 |       ||  2405
       Reflection        |       |       |       |       |       |     7 |   169 |    66 ||   242
       Tower shield      |       |       |       |       |       |       |  1140 |   971 ||  2111

Table legend: (Time is in decaauts)
 A = Elapsed time spent in this place.
 B = Non-inter-level travel time spent in this place.
 C = Inter-level travel time spent in this place.
 D = Time resting spent in this place.
 E = Time spent auto-exploring this place.
 F = Levels seen in this place.
 G = Mean time per level.
                   A        B        C        D        E       F      G
               +--------+--------+--------+--------+--------+-----+--------+
         Total |  55363 |  51726 |   3637 |  14638 |  25421 |  39 | 1419.6 |
       Dungeon |  20119 |  18683 |   1436 |   5686 |   9618 |  15 | 1341.3 |
          Lair |   7857 |   7243 |    614 |   1140 |   4708 |   6 | 1309.5 |
         Swamp |   4415 |   4164 |    251 |   2034 |   1283 |   4 | 1103.8 |
   Spider Nest |   7492 |   7235 |    257 |   3105 |   2293 |   4 | 1873.0 |
  Orcish Mines |   2341 |   1835 |    506 |    240 |   1014 |   2 | 1170.5 |
   Elven Halls |   6190 |   5816 |    374 |   1525 |   2563 |   3 | 2063.3 |
        Vaults |   5955 |   5758 |    197 |    510 |   3685 |   4 | 1488.8 |
      Ice Cave |    991 |    991 |      0 |    395 |    256 |   1 |  991.0 |
               +--------+--------+--------+--------+--------+-----+--------+

Top non-repeatable levels by time:
   Elf:3: 3274 daAuts
Spider:4: 2087 daAuts
Spider:3: 2039 daAuts
Spider:2: 1936 daAuts
    D:10: 1906 daAuts
  Lair:5: 1870 daAuts
    D:14: 1814 daAuts
    D:13: 1775 daAuts
Vaults:3: 1766 daAuts
   Elf:1: 1698 daAuts
     D:1: 1682 daAuts
     D:7: 1679 daAuts
Vaults:2: 1676 daAuts
   Orc:2: 1599 daAuts
 Swamp:4: 1457 daAuts
